Cogmind - Beta 13 X2 @@@ ROGUE MODE // 2024.01.26 @ 23:13:54 // AFD2019/Pay2Buy Player: Minty Result: Self-destructed Performance ------------- Evolutions (5) 2500 Regions Visited (16) 3200 Robots Destroyed (106) 530 Value Destroyed (5400) 5400 Prototype IDs (18) 360 Alien Tech Used (0) 0 Bonus (1310) 1310 TOTAL SCORE: 13300 Bonus ------- High Alert Combat Kills 527 Follower Combat Kills 472 Entered Garrisons 400 Used RIF Installer 500 Friendly Fire -589 Cogmind --------- Core Integrity 53/1000 Matter 280/300 Energy 12/100 System Corruption 2% Temperature Cool (47) Movement Core (150) Ox2 Location -5/Extension Parts ------- > --- POWER (1) -------- (None) > --- PROPULSION (3) --- (None) > --- UTILITY (8) ------ Advanced Terrain Scan Processor > --- WEAPON (5) ------- Neutron Cannon > --- INVENTORY (10) --- Light Antimatter Reactor Advanced Power Amplifier Improved Cooling System Improved Sensor Array Antimissile System Relay Coupler [Brawler] (26) Relay Coupler [Demolisher] (26) Advanced Recalibrator Remote Datajack Peak State ------------ > --- POWER ------------ Light Antimatter Reactor > --- PROPULSION ------- Armored Huge Wheel > --- UTILITY ---------- Advanced Sensor Array Advanced Signal Interpreter Improved Terrain Scanner Advanced Terrain Scan Processor Experimental Core Shielding Relay Coupler [Swarmer] Relay Coupler [Brawler] > --- WEAPON ----------- Enhanced Coil Gun Mini Assault Cannon Remote Datajack Plasma Sword > --- INVENTORY -------- Advanced Power Amplifier Improved Cooling System Relay Coupler [Brawler] Relay Coupler [Demolisher] Advanced Recalibrator [Rating: 72] Favorites ----------- Power Improved Deuterium Engine Engine Improved Deuterium Engine Reactor Light Antimatter Reactor Propulsion Spiked Treads Treads Spiked Treads Wheel Armored Huge Wheel Hover Unit Improved Linear Gravjet Utility Advanced Signal Interpreter Device Improved Cooling System Processor Advanced Signal Interpreter Hackware Relay Coupler [Swarmer] Protection Experimental Core Shielding Weapon Mini Assault Cannon Energy Gun Precision Shock Rifle Energy Cannon Neutron Cannon Ballistic Gun Enhanced Autogun Ballistic Cannon Mini Assault Cannon Launcher Subdweller Shrapnel Launcher Special Weapon Remote Datajack Slashing Weapon Plasma Sword Build | -11 -10 -9 -9 -8 -8 -8 -7 -7 -7 -7 -7 -6 -6 -6 -5 -5 ------- Run | Yrd Mat Mat Min Mat Gar Mat Fac Was Fac Gar Fac Fac Low Low Fac Ext Slots Evolved 10 | . . 2 . 2 . . 2 . . . . 2 . . 2 . Power . | . . . . . . . . . . . . . . . . . Propulsion 1 | . . 1 . . . . . . . . . . . . . . Utility 6 | . . . . . . . 2 . . . . 2 . . 2 . Weapon 3 | . . 1 . 2 . . . . . . . . . . . . Parts Attached 63 | . 1 4 . 11 6 4 2 1 . 9 4 2 7 2 3 7 Power 5 | . . . . 1 . . . . . . . . . . 1 3 Engine 1 | . . . . 1 . . . . . . . . . . . . Core . | . . . . . . . . . . . . . . . . . Reactor 4 | . . . . . . . . . . . . . . . 1 3 Propulsion 8 | . . 1 . 2 1 2 . . . 1 . . . . . 1 Treads 7 | . . 1 . 2 1 2 . . . 1 . . . . . . Leg . | . . . . . . . . . . . . . . . . . Wheel . | . . . . . . . . . . . . . . . . . Hover 1 | . . . . . . . . . . . . . . . . 1 Flight . | . . . . . . . . . . . . . . . . . Utility 20 | . . . . 1 . 2 2 1 . 4 3 1 5 . 1 . Device 4 | . . . . 1 . . . . . . 2 . 1 . . . Storage . | . . . . . . . . . . . . . . . . . Processor 2 | . . . . . . . 1 . . . 1 . . . . . Hackware 13 | . . . . . . 2 1 1 . 4 . 1 3 . 1 . Protection 1 | . . . . . . . . . . . . . 1 . . . Artifact . | . . . . . . . . . . . . . . . . . Weapon 30 | . 1 3 . 7 5 . . . . 4 1 1 2 2 1 3 Energy Gun 6 | . . . . 5 1 . . . . . . . . . . . Energy Cannon 2 | . . . . . . . . . . . . . . . . 2 Ballistic Gun 9 | . 1 3 . 2 2 . . . . 1 . . . . . . Ballistic Cannon 2 | . . . . . 1 . . . . 1 . . . . . . Launcher 3 | . . . . . . . . . . 2 1 . . . . . Special Weapon 7 | . . . . . 1 . . . . . . 1 2 1 1 1 Impact Weapon . | . . . . . . . . . . . . . . . . . Slashing Weapon 1 | . . . . . . . . . . . . . . 1 . . Piercing Weapon . | . . . . . . . . . . . . . . . . . Special Melee Weapon . | . . . . . . . . . . . . . . . . . Unidentified Prototypes . | . . . . . . . . . . . . . . . . . Parts Lost 26 | . . . . 1 . 1 . . . 6 3 . 3 . 4 8 Power 3 | . . . . . . . . . . 1 . . 1 . . 1 Propulsion 6 | . . . . . . . . . . 2 1 . 1 . . 2 Utility 6 | . . . . . . 1 . . . . . . . . 2 3 Weapon 11 | . . . . 1 . . . . . 3 2 . 1 . 2 2 Highest Loss Streak 4 | . . . . 1 . 1 . . . 4 2 . 2 . 3 4 To Critical Strikes 1 | . . . . . . . . . . . . . . . . 1 Average Slot Usage (%) 83 | . 94 100 100 97 100 99 100 100 100 82 72 68 78 75 64 46 Engine 6 | . 14 11 11 9 9 9 7 7 7 6 7 6 3 . . . Treads 14 | . 28 33 33 26 27 27 23 23 23 14 10 6 4 . . . Device 9 | . 8 11 11 9 9 9 15 15 15 7 10 13 11 13 7 1 Processor 10 | . 14 11 11 9 9 3 7 7 7 7 10 13 13 13 11 10 Hackware 7 | . . . . . . 4 7 7 7 14 8 4 10 6 9 9 Energy Gun 4 | . . . . 19 24 9 7 7 7 2 . . . . . . Ballistic Gun 10 | . 28 33 33 22 17 18 15 15 15 3 . . 6 6 4 . Ballistic Cannon 8 | . . . . 1 1 9 7 7 7 12 15 13 11 6 5 3 Launcher 2 | . . . . . . . . . . 8 8 . . . . . Special Weapon 1 | . . . . . . 9 7 7 7 1 . 2 2 2 . . Slashing Weapon 2 | . . . . . . . . . . . . 6 6 6 5 3 Naked Turns . | . . . . . . . . . . . . . . . . . Heaviest Build 42 | . 15 18 18 30 31 30 31 31 31 42 42 32 37 30 33 26 Greatest Support 83 | 3 40 60 60 67 67 83 83 83 83 83 57 30 30 28 28 28 Greatest Overweight (x) 2 | . . . . . . . . . . 1 1 1 1 1 1 2 Average Overweight (x) . | . . . . . . . . . . . . . . . . . Largest Inventory Capacity 10 | . 10 10 10 10 10 10 10 10 10 10 10 10 10 10 10 10 Average Capacity 10 | . 10 10 10 10 10 10 10 10 10 10 10 10 10 10 10 10 Most Carried 10 | . 3 6 6 8 10 10 8 7 6 10 10 10 9 7 7 10 Average Carried 7 | . 1 2 6 6 9 9 7 6 6 8 10 8 7 6 6 7 Final Capacity 10 | 10 10 10 10 10 10 10 10 10 10 10 10 10 10 10 10 10 Final Carried 10 | . 3 6 6 8 10 8 7 6 6 10 10 9 7 7 7 9 Class Distribution -------------------- 28% | Bothacker-Gunner 24% | Bothacker-Assassin 15% | Bothacker-Skirmisher 15% | Gunner 8% | Bothacker-Mutant 7% | Mutant Dominant Class ---------------- Mutant | -10/Materials Gunner | -9/Materials Gunner | -9/Mines Gunner | -8/Materials Gunner | -8/Garrison Bothacker-Gunner | -8/Materials Bothacker-Skirmisher | -7/Factory Bothacker-Skirmisher | -7/Waste Bothacker-Skirmisher | -7/Factory Bothacker-Gunner | -7/Garrison Bothacker-Gunner | -7/Factory Bothacker-Assassin | -6/Factory Bothacker-Assassin | -6/Lower Caves Bothacker-Assassin | -6/Lower Caves Bothacker-Assassin | -5/Factory Bothacker-Mutant | -5/Extension Resources | -11 -10 -9 -9 -8 -8 -8 -7 -7 -7 -7 -7 -6 -6 -6 -5 -5 ----------- Run | Yrd Mat Mat Min Mat Gar Mat Fac Was Fac Gar Fac Fac Low Low Fac Ext Matter Collected 3458 | . 333 103 68 439 249 140 5 . . 623 548 166 339 37 236 172 Remotely 692 | . 249 103 68 272 . . . . . . . . . . . . Salvage Created 4188 | . 318 106 68 1100 586 197 51 . . 408 510 46 359 17 373 49 Parts . | . . . . . . . . . . . . . . . . . Haulers Intercepted 1 | . . . . 1 . . . . . . . . . . . . Recyclers Shooed . | . . . . . . . . . . . . . . . . . Parts Field Recycled . | . . . . . . . . . . . . . . . . . Retrieved Matter . | . . . . . . . . . . . . . . . . . Parts Self-Destructed . | . . . . . . . . . . . . . . . . . Prevented . | . . . . . . . . . . . . . . . . . Kills | -11 -10 -9 -9 -8 -8 -8 -7 -7 -7 -7 -7 -6 -6 -6 -5 -5 ------- Run | Yrd Mat Mat Min Mat Gar Mat Fac Was Fac Gar Fac Fac Low Low Fac Ext Combat Hostiles Destroyed 88 | . 11 2 . 20 11 4 1 . . 13 12 . 7 . 6 1 Melee 2 | . . . . . . . . . . 2 . . . . . . Guns 53 | . 11 2 . 20 8 4 1 . . 3 . . 2 . 2 . Cannons 23 | . . . . . 1 . . . . 5 7 . 5 . 4 1 AOE 10 | . . . . . 2 . . . . 3 5 . . . . . Classes Destroyed 13 | . 3 3 2 3 2 . . . . . . . . . . . Worker 5 | . . 1 . 2 . . . . . . . 2 . . . . Builder 2 | . . . 1 . . . . . . . . . . . 1 . Tunneler 2 | . 1 . . . . . . . . . 1 . . . . . Hauler 1 | . . . . 1 . . . . . . . . . . . . Recycler 1 | . . . 1 . . . . . . . . . . . . . Watcher 3 | . . 1 . 1 . . . . . . 1 . . . . . Swarmer 18 | . 5 . . 4 . . . . . 3 5 . . 1 . . Grunt 40 | . 6 1 . 10 2 4 1 . . 2 8 . 4 . 2 . Brawler 3 | . . . . 1 . . . . . . 1 . . . 1 . Duelist 4 | . . . . . 1 . . . . . . . 2 . . 1 Sentry 15 | . . 1 . 4 2 . . . . 6 . . 1 . 1 . Hunter 7 | . . . . 1 2 . . . . 2 . . . . 2 . Programmer 5 | . . . . . 4 . . . . 1 . . . . . . Best Kill Streak 8 | . 4 3 2 8 4 2 1 . . 3 3 1 4 . 3 1 Combat Bots Only 7 | . 4 2 . 7 4 2 1 . . 3 3 . 4 . 2 1 Max Kills in Single Turn 3 | . 2 1 1 3 1 1 1 . . 1 3 1 1 1 1 1 Gunslinging 1 | . 1 . . 1 . . . . . . . . . . . . Exploded 2 | . . . . . 1 . . . . 1 2 . . . . . Melee 1 | . . . . . . . . . . 1 . . . . . . Uniques/NPCs Destroyed . | . . . . . . . . . . . . . . . . . Combat | -11 -10 -9 -9 -8 -8 -8 -7 -7 -7 -7 -7 -6 -6 -6 -5 -5 -------- Run | Yrd Mat Mat Min Mat Gar Mat Fac Was Fac Gar Fac Fac Low Low Fac Ext Hostile Shots Fired 586 | . 40 5 . 68 31 4 2 . . 236 25 . 50 4 53 68 Missed 179 | . 13 . . 13 8 1 . . . 81 8 . 12 . 19 24 Damage Taken 6202 | . 267 69 . 776 428 49 49 . . 1562 272 . 660 62 880 1128 Core 1570 | . 43 . . 93 70 . . . . 218 104 . 84 11 177 770 Absorbed by Shields 20 | . . . . . . . . . . . . . . . . 20 Redirected to Shielding 161 | . . . . . . . . . . . . . 31 6 80 44 Core Remaining (%) 82 | 100 82 . 100 . . 70 . . . . 54 . . 88 . . Volleys Fired 307 | . 39 6 . 33 21 12 21 12 . 44 31 5 25 5 28 25 Largest 5 | . 2 3 . 5 5 4 4 4 . 5 3 1 3 1 2 1 Hottest 221 | . 48 73 . 196 221 153 153 153 . 208 128 5 118 5 78 90 Shots Fired 693 | . 78 18 . 135 95 27 30 25 . 93 54 5 51 5 52 25 Gun 426 | . 78 18 . 130 89 15 9 13 . 36 . . 14 . 24 . Cannon 188 | . . . . 5 6 5 3 4 . 46 47 . 26 . 27 19 Launcher 16 | . . . . . . . . . . 9 7 . . . . . Special 63 | . . . . . . 7 18 8 . 2 . 5 11 5 1 6 Kinetic 481 | . 78 18 . 83 43 15 9 12 . 72 48 . 40 . 51 12 Thermal 7 | . . . . . . . . . . . . . . . . 7 Explosive . | . . . . . . . . . . . . . . . . . Electromagnetic 142 | . . . . 52 52 5 3 5 . 19 6 . . . . . Robot Hit Streak 20 | . 6 3 . 8 17 19 11 12 . 20 11 2 10 2 5 13 Robot Miss Streak 6 | . 6 3 . 3 3 1 4 3 . 5 2 3 4 3 4 1 Penetration Max 1 | . . . . . . . . . . . . . . . 1 . Secondary Targets 12 | . 1 . . 8 3 . . . . . . . . . . . Max Gunslinging Chain 2 | . 1 . . 2 1 . . . . . . . . . . . Shots Hit Robots 389 | . 37 5 . 75 57 15 16 17 . 58 28 4 30 3 30 14 Core Hits 182 | . 15 5 . 42 27 5 2 2 . 29 23 1 11 . 15 5 Critical Kills 3 | . . . . 3 . . . . . . . . . . . . Critical Parts Destroyed 2 | . . . . . . . . . . 1 . . 1 . . . Critical Strikes 5 | . . . . 3 . . . . . 1 . . 1 . . . Destroy 5 | . . . . 3 . . . . . 1 . . 1 . . . Melee Attacks 31 | . . . . . . . . . . . . 12 5 1 4 9 Impact . | . . . . . . . . . . . . . . . . . Slashing 31 | . . . . . . . . . . . . 12 5 1 4 9 Piercing . | . . . . . . . . . . . . . . . . . Sneak Attacks 4 | . . . . . . . . . . . . 2 . 1 1 . Combat Hostiles . | . . . . . . . . . . . . . . . . . Follow-up Attacks . | . . . . . . . . . . . . . . . . . Damage Inflicted 8754 | . 595 190 5 1390 968 207 129 120 . 1736 1094 205 786 93 717 519 Guns 4163 | . 591 79 . 1369 777 177 72 120 . 445 . . 231 . 302 . Cannons 2476 | . . . . . 49 30 57 . . 759 704 . 338 . 288 251 Explosions 1385 | . . 110 . . 142 . . . . 520 382 . . . . 231 Melee 679 | . . . . . . . . . . . . 205 217 93 127 37 Ramming 51 | . 4 1 5 21 . . . . . 12 8 . . . . . Kinetic 5473 | . 591 79 . 712 352 104 86 116 . 1475 772 . 569 . 590 27 Thermal 597 | . . . . . 142 . . . . . . . . . . 455 Explosive 110 | . . 110 . . . . . . . . . . . . . . Electromagnetic 1844 | . . . . 657 474 103 43 4 . 249 314 . . . . . Impact . | . . . . . . . . . . . . . . . . . Slashing 679 | . . . . . . . . . . . . 205 217 93 127 37 Piercing . | . . . . . . . . . . . . . . . . . Highest Corruption 17 | . . . . . 1 1 . 17 17 17 17 . . . . 2 Average Corruption 13 | . . . . . 1 1 . 12 17 17 17 . . . . 2 Corruption Purged . | . . . . . . . . . . . . . . . . . Corruption Blocked . | . . . . . . . . . . . . . . . . . Effects 85 | . . . . . . 2 . 6 1 54 19 . . . . 3 Message Errors 23 | . . . . . . 1 . 2 . 14 4 . . . . 2 Matter Fused 15 | . . . . . . . . 1 1 9 4 . . . . . Heat Flow Errors 7 | . . . . . . . . . . 6 1 . . . . . Energy Discharges 12 | . . . . . . . . . . 8 4 . . . . . Parts Rejected 1 | . . . . . . . . . . 1 . . . . . . Parts Fused 2 | . . . . . . 1 . . . . 1 . . . . . Data Loss (minor) 7 | . . . . . . . . . . 5 1 . . . . 1 Data Loss (major) 4 | . . . . . . . . 1 . 2 1 . . . . . Misfires 3 | . . . . . . . . 1 . 1 1 . . . . . Alerts 1 | . . . . . . . . . . 1 . . . . . . Misdirections 1 | . . . . . . . . 1 . . . . . . . . Weapon Failures 9 | . . . . . . . . . . 7 2 . . . . . Overload Shots . | . . . . . . . . . . . . . . . . . Overflow Damage 275 | . . . . . . . . . . . 11 92 . 92 80 . Projectiles 11 | . . . . . . . . . . . 11 . . . . . Explosions . | . . . . . . . . . . . . . . . . . Melee 264 | . . . . . . . . . . . . 92 . 92 80 . Knockbacks 10 | . . . . . . 1 . . . 1 7 . 1 . . . Impact 1 | . . . . . . . . . . . 1 . . . . . Kinetic 9 | . . . . . . 1 . . . 1 6 . 1 . . . Secondary . | . . . . . . . . . . . . . . . . . Self-Inflicted Damage 324 | . 3 . . . 64 . . . . 70 . . . . 10 177 Shots 8 | . . . . . 2 . . . . 3 . . . . 1 2 Rammed 10 | . 1 . 1 3 . . . . . 3 2 . . . . . Targets Rammed 16 | . 1 1 3 4 . . . . . 5 2 . . . . . Kicked . | . . . . . . . . . . . . . . . . . Crushed 6 | . . 1 2 1 . . . . . 2 . . . . . . Highest Temperature 341 | . 51 65 . 341 277 84 81 36 . 234 214 . 204 . 23 64 Average Temperature 62 | . 16 31 . 109 82 45 39 27 . 49 43 . 82 . 10 23 Received Heat Transfer 1611 | . 72 24 . 324 36 27 24 . . 342 162 . 333 . 45 222 Effects 1 | . . . . 1 . . . . . . . . . . . . Damage (minor) 1 | . . . . 1 . . . . . . . . . . . . Siege Activations . | . . . . . . . . . . . . . . . . . Robots Corrupted 1 | . . . . . . . . . . . 1 . . . . . Combat Hostiles . | . . . . . . . . . . . . . . . . . Parts Fried . | . . . . . . . . . . . . . . . . . Impact Corruptions . | . . . . . . . . . . . . . . . . . Robots Melted . | . . . . . . . . . . . . . . . . . Combat Hostiles . | . . . . . . . . . . . . . . . . . Parts Melted . | . . . . . . . . . . . . . . . . . Heat Transferred 300 | . . . . . 100 . . . . . . . . . . 200 Parts Sabotaged . | . . . . . . . . . . . . . . . . . Parts Stolen . | . . . . . . . . . . . . . . . . . Parts Stripped . | . . . . . . . . . . . . . . . . . Power Chain Reactions 4 | . . . . . 2 . . . . . . . . . . 2 Missiles Intercepted . | . . . . . . . . . . . . . . . . . Alert | -11 -10 -9 -9 -8 -8 -8 -7 -7 -7 -7 -7 -6 -6 -6 -5 -5 ------- Run | Yrd Mat Mat Min Mat Gar Mat Fac Was Fac Gar Fac Fac Low Low Fac Ext Peak Influence 1012 | . 447 426 117 659 1012 598 271 73 51 576 912 451 . . 339 358 Initial 493 | . . 188 107 45 428 493 271 70 51 35 302 446 . . 19 163 Average 369 | . 176 268 113 322 703 541 163 71 51 424 533 335 . . 197 250 Maximum Alert Level 3 | . 2 2 . 2 3 2 1 . . 2 3 2 . . 1 1 Low Security (%) 26 | . 55 12 100 32 . . 61 100 100 17 . 25 . . 35 27 Level 1 27 | . 32 74 . 33 . . 38 . . 13 23 24 . . 64 72 Level 2 40 | . 11 12 . 34 54 100 . . . 69 71 50 . . . . Level 3 5 | . . . . . 45 . . . . . 5 . . . . . Level 4 . | . . . . . . . . . . . . . . . . . Level 5 . | . . . . . . . . . . . . . . . . . High Security . | . . . . . . . . . . . . . . . . . Max Security . | . . . . . . . . . . . . . . . . . Squads Dispatched 24 | . 4 2 . 4 . 4 2 . . . 3 2 . . . 3 Investigation 15 | . 4 1 . 2 . 2 1 . . . 2 1 . . . 2 Extermination 1 | . . . . . . . . . . . . 1 . . . . Reinforcement 7 | . . 1 . 1 . 2 1 . . . 1 . . . . 1 Assault . | . . . . . . . . . . . . . . . . . Garrison 1 | . . . . 1 . . . . . . . . . . . . Intercept . | . . . . . . . . . . . . . . . . . Searches Triggered . | . . . . . . . . . . . . . . . . . Construction Impeded 1 | . . . . . . . . . . . 1 . . . . . Haulers Reinforced . | . . . . . . . . . . . . . . . . . Active Scanning Responses . | . . . . . . . . . . . . . . . . . Cargo Convoy Interrupts . | . . . . . . . . . . . . . . . . . Stealth | -11 -10 -9 -9 -8 -8 -8 -7 -7 -7 -7 -7 -6 -6 -6 -5 -5 --------- Run | Yrd Mat Mat Min Mat Gar Mat Fac Was Fac Gar Fac Fac Low Low Fac Ext Distress Signals 6 | . 1 . . 2 . 1 . . . . 1 . . . . 1 Communications Jammed . | . . . . . . . . . . . . . . . . . Distress Signals . | . . . . . . . . . . . . . . . . . Times Spotted 151 | . 15 4 . 26 11 5 4 5 . 21 14 1 16 4 8 17 Peak Tracking Total 10 | . 4 2 . 7 3 3 3 3 . 8 4 1 7 4 3 10 Tactical Retreats 4 | . . . . . 1 . . . . 2 . . . . . 1 Traps | -11 -10 -9 -9 -8 -8 -8 -7 -7 -7 -7 -7 -6 -6 -6 -5 -5 ------- Run | Yrd Mat Mat Min Mat Gar Mat Fac Was Fac Gar Fac Fac Low Low Fac Ext Traps Triggered 8 | . . . . 2 3 . 1 . . . . . . . . 2 Indirectly . | . . . . . . . . . . . . . . . . . Trap Hack Attempts . | . . . . . . . . . . . . . . . . . Triggered . | . . . . . . . . . . . . . . . . . Disarmed . | . . . . . . . . . . . . . . . . . Reprogrammed . | . . . . . . . . . . . . . . . . . Reused . | . . . . . . . . . . . . . . . . . Traps Extracted . | . . . . . . . . . . . . . . . . . Installed . | . . . . . . . . . . . . . . . . . Triggered . | . . . . . . . . . . . . . . . . . Objects Rigged 3 | . . 3 . . . . . . . . . . . . . . Exploded 1 | . . 1 . . . . . . . . . . . . . . Machines | -11 -10 -9 -9 -8 -8 -8 -7 -7 -7 -7 -7 -6 -6 -6 -5 -5 ---------- Run | Yrd Mat Mat Min Mat Gar Mat Fac Was Fac Gar Fac Fac Low Low Fac Ext Machines Disabled 42 | . 2 3 . 1 6 . . . . 2 6 8 1 . 6 7 Max in Single Turn 3 | . 1 3 . 1 2 . . . . 1 1 1 1 . 2 2 Garrison Access 1 | . . . . . . . . . . . 1 . . . . . Garrison Relay 5 | . . . . . 4 . . . . 1 . . . . . . Phase Generator 1 | . . . . . 1 . . . . . . . . . . . Energy Cycler 3 | . . . . . . . . . . . . . . . . 3 Machines Repaired . | . . . . . . . . . . . . . . . . . Machines Dismantled . | . . . . . . . . . . . . . . . . . Machines Sabotaged 2 | . 2 . . . . . . . . . . . . . . . Overloaded Fab Kills . | . . . . . . . . . . . . . . . . . Hacking | -11 -10 -9 -9 -8 -8 -8 -7 -7 -7 -7 -7 -6 -6 -6 -5 -5 --------- Run | Yrd Mat Mat Min Mat Gar Mat Fac Was Fac Gar Fac Fac Low Low Fac Ext Machines Accessed 27 | . 4 4 . 2 1 2 2 . 1 1 2 1 3 . 1 3 Terminals 19 | . 4 3 . . 1 1 2 . . 1 1 1 1 . 1 3 Fabricators . | . . . . . . . . . . . . . . . . . Repair Stations . | . . . . . . . . . . . . . . . . . Recycling Units . | . . . . . . . . . . . . . . . . . Scanalyzers 3 | . . 1 . 1 . 1 . . . . . . . . . . Garrison Access 3 | . . . . 1 . . . . 1 . 1 . . . . . Total Hacks 68 | . 7 14 . 3 3 2 6 . 1 2 7 8 6 . 1 8 Successful 38 | . 3 9 . 2 1 2 2 . 1 . 3 5 6 . 1 3 Failed 30 | . 4 5 . 1 2 . 4 . . 2 4 3 . . . 5 Catastrophic 6 | . . 1 . . . . 1 . . 1 1 . . . . 2 Database Lockouts . | . . . . . . . . . . . . . . . . . Manual 45 | . 7 12 . 1 1 2 4 . . . 6 6 . . . 6 Terminals 56 | . 7 12 . . 3 1 6 . . 2 4 8 4 . 1 8 Fabricators . | . . . . . . . . . . . . . . . . . Repair Stations . | . . . . . . . . . . . . . . . . . Recycling Units . | . . . . . . . . . . . . . . . . . Scanalyzers 4 | . . 2 . 1 . 1 . . . . . . . . . . Garrison Access 6 | . . . . 2 . . . . 1 . 3 . . . . . Terminal Hacks 19 | . . 5 . . 1 . 1 . . . . 4 6 . 1 1 Record 5 | . . . . . . . . . . . . . 5 . . . Prototype ID Bank 1 | . . . . . . . . . . . . 1 . . . . Open Door 2 | . . . . . . . . . . . . . 1 . 1 . Emergency Access Points 2 | . . 1 . . 1 . . . . . . . . . . . Alert Level 3 | . . 1 . . . . . . . . . 1 . . . 1 Unreport Threat 4 | . . 1 . . . . 1 . . . . 2 . . . . Locate Traps 1 | . . 1 . . . . . . . . . . . . . . Recall Investigation 1 | . . 1 . . . . . . . . . . . . . . Fabricator Hacks . | . . . . . . . . . . . . . . . . . Repair Station Hacks . | . . . . . . . . . . . . . . . . . Recycling Unit Hacks . | . . . . . . . . . . . . . . . . . Scanalyzer . | . . . . . . . . . . . . . . . . . Garrison Access Hacks 3 | . . . . 1 . . . . 1 . 1 . . . . . Unlock Access 3 | . . . . 1 . . . . 1 . 1 . . . . . Unauthorized Hacks 16 | . 3 4 . 1 . 2 1 . . . 2 1 . . . 2 Terminals 12 | . 3 3 . . . 1 1 . . . 1 1 . . . 2 Botnet 5 | . . 2 . . . . 1 . . . . 1 . . . 1 Detonate 1 | . . 1 . . . . . . . . . . . . . . Sabotage 6 | . 3 . . . . 1 . . . . 1 . . . . 1 Fabricators . | . . . . . . . . . . . . . . . . . Repair Stations . | . . . . . . . . . . . . . . . . . Recycling Units . | . . . . . . . . . . . . . . . . . Scanalyzers 3 | . . 1 . 1 . 1 . . . . . . . . . . Extract 3 | . . 1 . 1 . 1 . . . . . . . . . . Garrison Access 1 | . . . . . . . . . . . 1 . . . . . Jam 1 | . . . . . . . . . . . 1 . . . . . Data Cores Recovered . | . . . . . . . . . . . . . . . . . Used . | . . . . . . . . . . . . . . . . . Hacking Detections 16 | . 2 3 . . 1 . 2 . 1 1 1 1 1 . . 3 Full Trace Events 7 | . 1 1 . . 1 . 1 . . 1 . 1 . . . 1 Feedback Events . | . . . . . . . . . . . . . . . . . Feedback Blocked . | . . . . . . . . . . . . . . . . . Robot Schematics Acquired . | . . . . . . . . . . . . . . . . . Robots Built . | . . . . . . . . . . . . . . . . . Authchips . | . . . . . . . . . . . . . . . . . Time . | . . . . . . . . . . . . . . . . . Total Robot Build Rating . | . . . . . . . . . . . . . . . . . Part Schematics Acquired 36 | . . 1 . 12 . 23 . . . . . . . . . . Parts Built . | . . . . . . . . . . . . . . . . . Authchips . | . . . . . . . . . . . . . . . . . Time . | . . . . . . . . . . . . . . . . . Total Part Build Rating . | . . . . . . . . . . . . . . . . . Parts Repaired . | . . . . . . . . . . . . . . . . . Time . | . . . . . . . . . . . . . . . . . Parts Recycled . | . . . . . . . . . . . . . . . . . Recycled Matter . | . . . . . . . . . . . . . . . . . Retrieved Matter . | . . . . . . . . . . . . . . . . . Retrieved Components . | . . . . . . . . . . . . . . . . . Parts Scanalyzed . | . . . . . . . . . . . . . . . . . Part Schematics Acquired . | . . . . . . . . . . . . . . . . . Parts Damaged . | . . . . . . . . . . . . . . . . . Bothacking | -11 -10 -9 -9 -8 -8 -8 -7 -7 -7 -7 -7 -6 -6 -6 -5 -5 ------------ Run | Yrd Mat Mat Min Mat Gar Mat Fac Was Fac Gar Fac Fac Low Low Fac Ext Used RIF Installer 1 | . . . . . 1 . . . . . . . . . . . Robots Hacked 28 | . . . . . . 5 4 6 . 2 . 1 7 2 1 . Non-combat 3 | . . . . . . . 2 . . . . 1 . . . . Combat 25 | . . . . . . 5 2 6 . 2 . . 7 2 1 . Robot Hacks Applied 36 | . . . . . . 5 8 7 . 2 . 2 9 2 1 . parse_system 3 | . . . . . . . 2 1 . . . . . . . . no_distress 1 | . . . . . . . 1 . . . . . . . . . generate_echo 1 | . . . . . . . 1 . . . . . . . . . map_walls 3 | . . . . . . . 3 . . . . . . . . . relay_feed 1 | . . . . . . . . . . . . 1 . . . . ignore_targets 5 | . . . . . . . . 5 . . . . . . . . link_fov 2 | . . . . . . . 1 . . . . 1 . . . . disrupt_area 1 | . . . . . . . . . . . . . 1 . . . spike_heat 2 | . . . . . . 1 . . . . . . 1 . . . amplify_resonance 6 | . . . . . . 1 . 1 . 1 . . 2 1 . . reboot_system 1 | . . . . . . 1 . . . . . . . . . . overwrite_iff 9 | . . . . . . 2 . . . 1 . . 4 1 1 . formatsys_high 1 | . . . . . . . . . . . . . 1 . . . Relay Couplers Released 24 | . . . . . 16 . . . . 8 . . . . . . Machine Destruction 21 | . . . . . 16 . . . . 5 . . . . . . Programmers 3 | . . . . . . . . . . 3 . . . . . . Attached 13 | . . . . . . 2 1 1 . 4 . 1 3 . 1 . Fabnet Peak Effective % . | . . . . . . . . . . . . . . . . . Robots Rewired 7 | . . . . . . . 1 . . 3 . . . . . 3 Allies Hacked . | . . . . . . . . . . . . . . . . . Hacks Repelled . | . . . . . . . . . . . . . . . . . Allies | -11 -10 -9 -9 -8 -8 -8 -7 -7 -7 -7 -7 -6 -6 -6 -5 -5 -------- Run | Yrd Mat Mat Min Mat Gar Mat Fac Was Fac Gar Fac Fac Low Low Fac Ext Total Allies 20 | . . . . . . 2 1 . . 5 . . 5 1 1 5 Largest Group 3 | . . . . . . 1 1 1 . 3 2 . 3 1 1 2 Highest-Rated Group 90 | . . . . . . 16 32 32 . 39 24 . 90 12 30 78 Highest-Rated Ally 39 | . . . . . . 16 32 32 . 39 12 . 32 12 30 39 Total Orders . | . . . . . . . . . . . . . . . . . Ally Attacks 90 | . . . . . . 6 5 19 . 14 15 . 14 . 2 15 Total Damage 2366 | . . . . . . 44 150 1005 . 204 96 . 292 . 85 490 Kills 15 | . . . . . . . 2 2 . 4 . . 2 . . 5 Allies Corrupted 1 | . . . . . . . . . . . 1 . . . . . Allies Melted . | . . . . . . . . . . . . . . . . . Intel | -11 -10 -9 -9 -8 -8 -8 -7 -7 -7 -7 -7 -6 -6 -6 -5 -5 ------- Run | Yrd Mat Mat Min Mat Gar Mat Fac Was Fac Gar Fac Fac Low Low Fac Ext Robot Analysis Total . | . . . . . . . . . . . . . . . . . Derelict Logs Recovered . | . . . . . . . . . . . . . . . . . Drone Launches . | . . . . . . . . . . . . . . . . . Drone Recoveries . | . . . . . . . . . . . . . . . . . Exploration | -11 -10 -9 -9 -8 -8 -8 -7 -7 -7 -7 -7 -6 -6 -6 -5 -5 ------------- Run | Yrd Mat Mat Min Mat Gar Mat Fac Was Fac Gar Fac Fac Low Low Fac Ext Turns Passed 5382 | . 376 198 34 352 482 197 230 165 31 954 388 334 1007 71 199 364 Spaces Moved 2690 | 1 167 111 19 135 241 104 118 87 19 426 166 175 500 56 100 265 Core 58 | 1 . . . . . . . . . . . . . . . 57 Treads 2092 | . 167 111 19 135 241 104 118 87 19 426 166 175 324 . . . Legs . | . . . . . . . . . . . . . . . . . Wheels 510 | . . . . . . . . . . . . . 176 56 100 178 Hover 30 | . . . . . . . . . . . . . . . . 30 Flight . | . . . . . . . . . . . . . . . . . Fastest Speed 40 | 50 160 160 160 160 163 163 163 163 163 163 160 160 100 100 100 40 Average Speed 160 | 50 160 160 160 161 163 163 163 163 163 188 170 168 184 104 105 92 Slowest Speed 250 | 50 160 160 160 163 163 163 163 163 163 250 250 240 240 115 115 200 Overloaded Moves . | . . . . . . . . . . . . . . . . . Propulsion Burnouts . | . . . . . . . . . . . . . . . . . Robots Hopped . | . . . . . . . . . . . . . . . . . Cave-ins Triggered . | . . . . . . . . . . . . . . . . . Exploration Rate (%) 23 | 2 37 17 10 21 39 12 4 80 1 47 7 8 78 11 3 30 Regions Visited 16 Branch Regions 4 Pre-discovered Areas 1 | . . . . . . . . . . . . . 1 . . . Known Exits Taken 7 | . . . . 1 . . . . 1 . 1 1 1 1 1 . Unknown Exits Taken 5 | 1 1 1 1 . . 1 . . . . . . . . . . Scrap Searched . | . . . . . . . . . . . . . . . . . Spaces Dug 4 | . . . . . . . . . . 2 . 1 1 . . . Terrain Destroyed 266 | . . 28 . 4 60 3 . 3 . 36 11 1 29 . 33 58 Melee 2 | . . . . . . . . . . . . 1 1 . . . Projectile 65 | . . . . 4 . 3 . 3 . 5 11 . 28 . 9 2 AOE 199 | . . 28 . . 60 . . . . 31 . . . . 24 56 Terrain Rammed 1 | . 1 . . . . . . . . . . . . . . . Walls Destroyed . | . . . . . . . . . . . . . . . . . Machines Disabled . | . . . . . . . . . . . . . . . . . Actions | -11 -10 -9 -9 -8 -8 -8 -7 -7 -7 -7 -7 -6 -6 -6 -5 -5 --------- Run | Yrd Mat Mat Min Mat Gar Mat Fac Was Fac Gar Fac Fac Low Low Fac Ext Total 3223 | . 208 121 21 185 296 122 143 99 19 509 213 195 543 65 136 348 Wait 37 | . . . . . 1 . 1 . . 4 8 1 2 . 1 19 Move 2675 | . 166 110 18 135 239 103 118 86 19 424 165 174 499 55 99 265 Hop . | . . . . . . . . . . . . . . . . . Pick Up 19 | . . . . . 14 . . . . 5 . . . . . . Fast Attach 8 | . . . . 3 . . . . . 1 3 . . . . 1 Attach 32 | . . 2 . 3 2 2 2 . . 5 . 2 6 2 2 4 Detach 24 | . . . . 1 1 1 1 . . 4 2 1 4 2 1 6 Swap 23 | . 1 2 . 5 4 2 . 1 . 3 1 . 1 . 1 2 Drop 18 | . . . . 1 14 2 . . . . 1 . . . . . Fire 307 | . 39 6 . 33 21 12 21 12 . 44 31 5 25 5 28 25 Melee 31 | . . . . . . . . . . . . 12 5 1 4 9 Ram 1 | . 1 . . . . . . . . . . . . . . . Kick . | . . . . . . . . . . . . . . . . . Crush 16 | . 1 1 3 4 . . . . . 5 2 . . . . . Escape Stasis 12 | . . . . . . . . . . . . . . . . 12 Rewire 20 | . . . . . . . . . . 14 . . 1 . . 5 Trap . | . . . . . . . . . . . . . . . . . Miscellaneous . | . . . . . . . . . . . . . . . . . Route ------- -11/Scrapyard -10/Materials (discovered 2 exits: *Mat / [*Min]) -9/Materials -9/Mines -8/Materials -8/Garrison -8/Materials -7/Factory -7/Waste -7/Factory -7/Garrison (discovered 2 exits: *Fac x2) -7/Factory -6/Factory -6/Lower Caves -6/Lower Caves -5/Factory -5/Extension History --------- Turn | Location | Event 1 | -11/Scrapyard | Discovered new exit (range 0) 1 | -11/Scrapyard | Entered Materials 223 | -10/Materials | Discovered new exit (range 8) 318 | -10/Materials | Build established: Mutant 354 | -10/Materials | Discovered new exit (range 15) 377 | -10/Materials | Entered another Materials area 377 | -9/Materials | Evolved 2 slots: Propulsion x1, Weapon x1 546 | -9/Materials | Discovered new exit (range 14) 575 | -9/Materials | Entered Mines 593 | -9/Mines | Discovered new exit (range 8) 609 | -9/Mines | Entered Materials 609 | -8/Materials | Evolved 2 slots: Weapon x2 717 | -8/Materials | Build established: Gunner 816 | -8/Materials | Destroyed 7 combat bots 844 | -8/Materials | Garrison activated, responded to threat 961 | -8/Materials | Identified exit to Garrison 961 | -8/Materials | Entered Garrison 1088 | -8/Garrison | Triggered checkpoint 1123 | -8/Garrison | Installed Relay Interface Framework 1148 | -8/Garrison | Triggered checkpoint 1224 | -8/Garrison | Garrison Relay disabled 1281 | -8/Garrison | Discovered new exit (range 9) 1316 | -8/Garrison | Phase Generator disabled 1326 | -8/Garrison | Garrison Relay disabled 1326 | -8/Garrison | Garrison Relay disabled 1326 | -8/Garrison | Garrison Relay disabled 1443 | -8/Garrison | Entered Materials 1549 | -8/Materials | Build established: Bothacker-Gunner 1616 | -8/Materials | Discovered new exit (range 12) 1640 | -8/Materials | Entered Factory 1640 | -7/Factory | Evolved 2 slots: Utility x2 1870 | -7/Factory | Sucked down chute 1870 | -7/Factory | Entered Waste 1875 | -7/Waste | 1 allies followed down the chute 1885 | -7/Waste | EMP discharged 1885 | -7/Waste | System corruption reached 10% 1922 | -7/Waste | Spotted C-40 Crusher 1923 | -7/Waste | Spotted C-40 Crusher 1936 | -7/Waste | Spotted C-40 Crusher 1937 | -7/Waste | Spotted C-40 Crusher 1960 | -7/Waste | Build established: Bothacker-Skirmisher 1961 | -7/Waste | Spotted C-40 Crusher 1970 | -7/Waste | Spotted C-40 Crusher 1985 | -7/Waste | EMP discharged 2017 | -7/Waste | Discovered new exit (range 11) 2033 | -7/Waste | Identified exit to Factory 2035 | -7/Waste | Entered Factory 2066 | -7/Factory | Identified exit to Garrison 2066 | -7/Factory | Entered Garrison 2122 | -7/Garrison | Triggered checkpoint 2172 | -7/Garrison | Rescued a captive Derelict 2354 | -7/Garrison | Triggered checkpoint 2416 | -7/Garrison | Build established: Bothacker-Gunner 2419 | -7/Garrison | Lost 4 parts (1p1n2w) 2461 | -7/Garrison | Discovered new exit (range 8) 2504 | -7/Garrison | Triggered checkpoint 2520 | -7/Garrison | Garrison Relay disabled 2666 | -7/Garrison | Triggered checkpoint 2783 | -7/Garrison | Discovered new exit (range 3) 2785 | -7/Garrison | Identified exit to Factory 3020 | -7/Garrison | Entered Factory 3020 | -7/Factory | Accompanied by 2 allies 3333 | -7/Factory | Discovered new exit (range 16) 3362 | -7/Factory | Identified exit to Garrison 3406 | -7/Factory | Identified exit to Factory 3408 | -7/Factory | Entered another Factory area 3408 | -6/Factory | Evolved 2 slots: Utility x2 3427 | -6/Factory | Noticed a derelict Sapper rigging charges 3667 | -6/Factory | Discovered new exit (range 15) 3712 | -6/Factory | Build established: Bothacker-Assassin 3740 | -6/Factory | Identified exit to Lower Caves 3742 | -6/Factory | Entered Lower Caves 3753 | -6/Lower Caves | Attracted the attention of an 0b10 checkpoint 4330 | -6/Lower Caves | Attracted the attention of an 0b10 base 4363 | -6/Lower Caves | Learned location of 1 exit from Research 4578 | -6/Lower Caves | Spotted B-75 Beast 4727 | -6/Lower Caves | Discovered new exit (range 14) 4747 | -6/Lower Caves | Identified exit to Lower Caves 4749 | -6/Lower Caves | Entered another Lower Caves area 4795 | -6/Lower Caves | Discovered new exit (range 7) 4809 | -6/Lower Caves | Identified exit to Factory 4820 | -6/Lower Caves | Entered Factory 4820 | -5/Factory | Evolved 2 slots: Utility x2 4996 | -5/Factory | Lost 3 parts (2u1w) 5015 | -5/Factory | Discovered new exit (range 6) 5018 | -5/Factory | Identified exit to Extension 5019 | -5/Factory | Entered Extension 5035 | -5/Extension | Disrupted transfer network 5156 | -5/Extension | Energy Cycler disabled 5157 | -5/Extension | Rescued a captive Derelict 5157 | -5/Extension | Rescued a captive Derelict 5157 | -5/Extension | Rescued a captive Derelict 5157 | -5/Extension | Rescued a captive Derelict 5157 | -5/Extension | Rescued a captive Derelict 5158 | -5/Extension | Rescued a captive Derelict 5160 | -5/Extension | Rescued a captive Derelict 5163 | -5/Extension | Rescued a captive Derelict 5223 | -5/Extension | Build established: Bothacker-Mutant 5303 | -5/Extension | Lost 4 parts (1p1n2w) 5321 | -5/Extension | Lost 4 allies 5327 | -5/Extension | Core integrity fell below 50% 5360 | -5/Extension | Lost 3 parts (1n2u) 5360 | -5/Extension | Core integrity fell below 20% 5383 | -5/Extension | Self-destructed Last Messages --------------- 05342_ Field strength at 64. 05343_ Field strength at 58. 05344_ Field strength at 52. 05345_ Field strength at 46. 05346_ Field strength at 40. 05347_ Field strength at 34. 05348_ Field strength at 28. 05348_ Relay Coupler [Brawler] severed. 05349_ Field strength at 7. 05350_ Stasis field depleted. 05358_ Chain reaction triggered in Imp. Deuterium Engine. 05358_ Energy Cycler explodes. 05361_ Penetrated by Slug. 05361_ L-41 Fighter destroyed. 05361_ Slug penetrates Wall. 05364_ Penetrated by Slug. 05368_ Connecting with Terminal... >>Alert(Check) Current Alert Level: 1-T 05380_ Slug penetrates Wall. Map ----- +----------------------------------------------------+ | | | | | | | | | | | | | | | | | | | | | | | | | | | | | | | | | | | | | ?????????????????????????????????????????????????? | | ?????????????????????????????????????????????????? | | ?????????????????????????????????????????????????? | | ######???????????????????????????????????????????? | | #######;###############?????????????????????? | | #### "%" g #?????????????????????? | | ???# " g #?????????????????????? | | ???# ^ g @ #?????????????????????? | | ???# ##### ######### #?????????????????????? | | ?? ?# #???????# #?????????????????????? | | ?##% #?# ##??????# ####??????????????????? | | ??#% ### "#??????# #??????????????????? | | ??##### "#??????# #??????????????????? | | ???????# " "#??????# #??????????????????? | | ???????# "% "#?????## #??????????????????? | | ???#####"" "####### # #??????????????????? | | T # #??????????????????? | | ???#####"""""""""######## # #??????????????????? | | ???????### ####??????##### #??????????????????? | | ?????????## # #?????????????? #??????????????????? | | ??????????#####?????????????? #??????????????????? | | ??????????????????????????????#??????????????????? | | ?????????????????????????????????????????????????? | | ?????????????????????????????????????????????????? | | ?????????????????????????????????????????????????? | | ?????????????????????????????????????????????????? | | ?????????????????????????????????????????????????? | | ?????????????????????????????????????????????????? | | ?????????????????????????????????????????????????? | | ?????????????????????????????????????????????????? | | ?????????????????????????????????????????????????? | | ?????????????????????????????????????????????????? | +----------------------------------------------------+ Best States ------------- Heat Dissipation 61 Energy Generation 25 Energy Capacity 340 Matter Stores 300 Matter Capacity 300 Sight Range 16 Robot Scan Range 16 Terrain Scan Range 16 Terrain Scan Density 210 Core Shielding 40 Evasion (%) 57 Targeting Accuracy 6 Recoil Reduction 3 Relay Coupler Types 2 Relay Coupler Value 55 Item Schematics ----------------- Signal Interpreter | -9/Materials | Extracted Flail | -8/Materials | Extracted Hrd. Medium Armor Plating | -8/Materials | Extracted VTOL Module | -8/Materials | Extracted Imp. EM Shotgun | -8/Materials | Extracted Imp. Terrain Scan Processor | -8/Materials | Extracted Imp. Propulsion Shielding | -8/Materials | Extracted Disposable Heat Sink | -8/Materials | Extracted EM Pulse Cannon | -8/Materials | Extracted Ion Cannon | -8/Materials | Extracted Imp. Weapon Shielding | -8/Materials | Extracted Visual Processing Unit | -8/Materials | Extracted Machine Analyzer | -8/Materials | Extracted Lgt. Cannon | -8/Materials | Extracted Med. Storage Unit | -8/Materials | Extracted Seismic Detector | -8/Materials | Extracted Shock Rifle | -8/Materials | Extracted Wheel | -8/Materials | Extracted EM Pulse Gun | -8/Materials | Extracted Imp. Terrain Scanner | -8/Materials | Extracted Aluminum Leg | -8/Materials | Extracted Plasma Cutter | -8/Materials | Extracted Com. Matter Pod | -8/Materials | Extracted Adv. Visual Processing Unit | -8/Materials | Extracted Field Recycling Unit | -8/Materials | Extracted Imp. Light Armor Plating | -8/Materials | Extracted Imp. Signal Interpreter | -8/Materials | Extracted Weight Redist. System | -8/Materials | Extracted Particle Cannon | -8/Materials | Extracted System Shield | -8/Materials | Extracted Arm. Wheel | -8/Materials | Extracted Hpw. Tractor Beam | -8/Materials | Extracted Hvy. Particle Gun | -8/Materials | Extracted Cryofiber Web | -8/Materials | Extracted Airjet | -8/Materials | Extracted Cesium-ion Thruster | -8/Materials | Extracted Robot Schematics ------------------ None Fabricated ------------ Nothing Alien Tech Used ----------------- None Achievements -------------- None Challenges ------------ None Cogshop Purchases (48) ------------------------ Hvy. Ion Engine (699) Spk. Treads (874) Spk. Treads (874) Imp. Assault Rifle (699) Imp. Assault Rifle (699) Imp. Targeting Computer (699) Hpw. Tractor Beam (604) Enh. Autogun (Loot Box) Spk. Treads (975) Core Shielding (Loot Box) Enh. Autogun (943) Component Analysis Suite (Loot Box) Imp. EM Shotgun (Loot Box) Lightning Gun (Loot Box) Surge Thruster (Loot Box) Hvy. EM Shotgun (781) Cld. Deuterium Engine (Loot Box) Imp. Cooling System (798) Arm. Medium Treads (Loot Box) Sub. Shrapnel Launcher (1006) Mni. Assault Cannon (1045) Prc. Shock Rifle (1001) Remote Datajack (904) Med. Treads (1117) Med. Treads (1117) Arm. Huge Wheel (Loot Box) Imp. Hardlight Generator (Loot Box) Adv. Sensor Array (945) Adv. Signal Interpreter (888) Gui. EMP Blaster (3065) Antimatter Cannon (938) Imp. Deuterium Engine (806) Adv. Power Amplifier (Loot Box) Imp. Medium Treads (1519) Adv. Terrain Scan Processor (791) Imp. Terrain Scanner (760) Plasma Sword (3492) Enh. Coil Gun (878) Exp. Core Shielding (Loot Box) Lgt. Antimatter Reactor (Loot Box) Adv. Recalibrator (Loot Box) Arm. Huge Wheel (886) Hvy. Antimatter Reactor (1287) Barrage Gun (747) Imp. Linear Gravjet (Loot Box) Imp. Sensor Array (673) Neutron Cannon (936) Antimissile System (Loot Box) Game ------ Seed BurstCloakThruster Manual? 0 Play Time 00:35:40 Cumulative 623.5 hours Start 2024.01.26 @ 22:41:37 End 2024.01.26 @ 23:13:54 Sessions 1 Manual Loads 0 Difficulty Rogue Special Mode AFD2019/Pay2Buy Game No. 589 Rogue 316 Adventurer 123 Explorer 150 Win Type - Total 25 Types 19/0/4/1/0/0/0/1/0 Lore% 80 Gallery% 91 Achievement% 76 Wizard Run 0 Options --------- ASCII 0 Keyboard 1 Movement Numpad Keybinds 0 Fullscreen 2 Font 18/X11Bold Map View 76x50 Zoom Use 0% Tactical HUD 1 Map Filters NONE Filters NONE Steam 1 RUN: 23fe303d-3682-49d6-9aac-a42db6bd5d9f